 Dungeon Crawl Stone Soup version 0.25.0-33-gff14898491 (webtiles) character file.

Game seed: 10379413193027327069

177 Peloso the Covered (level 5, 0/41 HPs)
             Began as a Demonspawn Fighter on July 6, 2020.
             Slain by Duvessa
             ... wielding a +0 short sword
              (3 damage)
             ... on level 4 of the Dungeon.
             The game lasted 00:03:33 (3912 turns).

Peloso the Covered (Demonspawn Fighter)             Turns: 3912, Time: 00:03:34

Health: 0/41       AC: 10    Str: 18    XL:     5   Next: 31%
Magic:  5/5        EV:  7    Int:  9    God:
Gold:   125        SH:  9    Dex: 12    Spells: 4/4 levels left

rFire    + . .     SeeInvis .   a - +0 long sword
rCold    + . .     Gourm    .   c - +0 kite shield
rNeg     . . .     Faith    .   b - +0 scale mail
rPois    +         Spirit   .   (no helmet)
rElec    +         Reflect  .   (no cloak)
rCorr    +         Harm     .   (no gloves)
MR       .....                  (no boots)
Stlth    ..........             (no amulet)
HPRegen  0.13/turn              o - +4 ring of protection
MPRegen  0.09/turn              (no ring)

@: resistant, glowing
A: claws 1, demonic guardian 1
a: no special abilities


You were on level 4 of the Dungeon.
You were hungry.

You visited 1 branch of the dungeon, and saw 4 of its levels.

You collected 125 gold pieces.

Inventory:

Hand Weapons
 a - a +0 long sword (weapon)
Armour
 b - a +0 scale mail (worn)
 c - a +0 kite shield (worn)
Jewellery
 o - a +4 ring of protection (left claw)
Scrolls
 e - 5 scrolls of identify {unknown}
 g - 2 scrolls of fear {unknown}
 h - a scroll of random uselessness {unknown}
 i - 2 scrolls of fog {unknown}
 j - a scroll of magic mapping {unknown}
 k - a scroll of teleportation {unknown}
 l - a scroll of enchant armour {unknown}
 n - a scroll of enchant weapon {unknown}
 p - a scroll of amnesia {unknown}
Potions
 d - a potion of might
Comestibles
 f - 4 rations


   Skills:
 + Level 3.5 Fighting
 + Level 3.1 Long Blades
 + Level 3.6 Armour
 + Level 1.0 Dodging
 + Level 3.4 Shields


You had 4 spell levels left.
You didn't know any spells.
Your spell library was empty.

Dungeon Overview and Level Annotations

Branches:
Dungeon (4/15)
 Temple: D:4-7

Altars:
Vehumet

Annotations:
D:4 Duvessa


Innate Abilities, Weirdness & Mutations

You have sharp fingernails.
A weak demonic guardian rushes to your aid.


Message History

Duvessa misses you.
Your shadow imp hits Duvessa.
Your shadow imp misses Duvessa.
Duvessa hits your shadow imp with a +0 short sword!
Your shadow imp dies!
Your shadow imp hits Duvessa.
Your scale mail prevents you from hitting Duvessa.
Duvessa is severely wounded.
Duvessa hits you with a +0 short sword!
* * * LOW HITPOINT WARNING * * *
You block Duvessa's attack.
Your shadow imp completely misses Duvessa.
Unknown command.
It was a potion of resistance.
You feel protected. You block Duvessa's attack.
Your shadow imp hits Duvessa.
Duvessa hits your shadow imp with a +0 short sword.
You hit Duvessa.
Duvessa is severely wounded.
Duvessa hits you with a +0 short sword.
You die...

.. .# .#
#####.#
#.....####
#........##
#..........
##..@e# #
#....5###.###
#............
#....<.......
#.#.#........
#.#.........#
# #...#####.#
#>... . #....


You could see Duvessa (berserk) and a friendly shadow imp (summoned).

Vanquished Creatures
  3 gnolls (D:3)
  4 adders (D:3)
  An ooze (D:3)
  2 worms (D:2)
  2 dart slugs
  2 leopard geckos
  2 orcs (D:3)
  7 bats
  7 goblins
  3 hobgoblins
  4 jackals (D:2)
  5 kobolds
  3 quokkas
  3 frilled lizards
  3 rats
51 creatures vanquished.

Vanquished Creatures (collateral kills)
  Dowan (D:4)
  An orc priest (D:3)
  2 orcs (D:3)
4 creatures vanquished.

Grand Total: 55 creatures vanquished

Notes
Turn   | Place    | Note
-------+----------+-------------------------------------------
     0 | D:1      | Peloso the Demonspawn Fighter began the quest for the Orb.
     0 | D:1      | Reached XP level 1. HP: 18/18 MP: 1/1
   338 | D:1      | Gained mutation: A weak demonic guardian rushes to your
                  | aid. [demonic ancestry]
   338 | D:1      | Reached XP level 2. HP: 20/24 MP: 2/2
   892 | D:2      | Found a radiant altar of Vehumet.
  1218 | D:2      | Gained mutation: You have sharp fingernails. [demonic
                  | ancestry]
  1218 | D:2      | Reached XP level 3. HP: 29/29 MP: 3/3
  2147 | D:3      | Reached XP level 4. HP: 35/35 MP: 4/4
  3108 | D:3      | Reached skill level 1 in Dodging
  3403 | D:3      | Reached XP level 5. HP: 28/41 MP: 5/5
  3891 | D:4      | Noticed Dowan
  3892 | D:4      | Noticed Duvessa
  3902 | D:4      | Killed Dowan
  3912 | D:4      | Slain by Duvessa

Illustrated notes

Levels and vault maps discovered:
D:1:      erik_arrival_blinker_ship, layout_loops_corners
D:2:      layout_loops_ring, overflow_temple_1_default,
          chequers_serial_rivers_micro_a
D:3:      layout_basic
D:4:      layout_basic, gammafunk_ghost_nasty_kobolds, uniq_duvessa, uniq_pikel

Skill      XL: |  1  2  3  4 |
---------------+-------------+-----
Long Blades    | 2 3 |  3.1
Armour         | 3 |  3.6
Shields        | 3 |  3.4
Dodging        | 1 |  1.0
Fighting       | |  3.5

Action                   |  1- 3 |  4- 6 || total
-------------------------+-------+-------++-------
Melee: Long sword        |   110 |   109 ||   219
  Use: Potion            |       |     1 ||     1
 Stab: Distracted        |       |     2 ||     2
  Eat: Chunk             |     4 |     5 ||     9
Armor: Scale mail        |    57 |    39 ||    96
Dodge: Dodged            |    44 |    26 ||    70
Block: Kite shield       |    65 |    57 ||   122
       Rpst.: Long sword |    15 |     8 ||    23
